 Dungeon Crawl Stone Soup version 0.25-a0-591-g2ad0d861f1 (webtiles) character file.

Game seed: 12545583240030718250, levelgen mode: deterministic

288 Esekla the Ducker (level 6, -4/29 HPs)
             Began as a Spriggan Artificer on Mar 14, 2020.
             Killed by nerve-wracking pain
             ... invoked by a shadow imp
              (8 damage)
             ... on level 5 of the Dungeon.
             The game lasted 00:22:53 (3990 turns).

Esekla the Ducker (Spriggan Artificer)              Turns: 3990, Time: 00:22:54

Health: -4/29      AC:  2    Str:  8    XL:     6   Next: 9%
Magic:  10/10      EV: 21    Int: 14    God:
Gold:   157        SH:  0    Dex: 17    Spells: 4/10 levels left

rFire    . . .     SeeInvis +   s - +1 long sword (holy)
rCold    . . .     Gourm    .   (shield restricted)
rNeg     . . .     Faith    .   b - +0 robe
rPois    .         Spirit   .   (helmet restricted)
rElec    .         Reflect  .   (no cloak)
rCorr    .         Harm     .   (gloves unavailable)
MR       +....                  (boots unavailable)
Stlth    ++........             (no amulet)
HPRegen  0.09/turn              (no ring)
MPRegen  0.12/turn              (no ring)

@: very quick
A: very small, unfitting armour, see invisible, herbivore, speed 3, slow
metabolism 2
a: no special abilities


You were on level 5 of the Dungeon.
You were not hungry.

You visited 1 branch of the dungeon, and saw 5 of its levels.

You collected 157 gold pieces.

Inventory:

Hand Weapons
 a - a +0 short sword
 q - a +0 spear
 s - a +1 long sword of holy wrath (weapon)
Missiles
 u - 11 poisoned darts (quivered)
Armour
 b - a +0 robe (worn)
 h - a +0 leather armour
 l - a +0 leather armour
 w - a +0 leather armour
 B - a +0 leather armour
 C - a +0 leather armour
 D - a +0 leather armour
Wands
 c - a wand of flame (15)
 d - a wand of enslavement (15)
 e - a wand of random effects (15)
 j - a wand of polymorph (8)
Scrolls
 i - a scroll of teleportation {unknown}
 k - a scroll of amnesia
 n - a scroll of identify {unknown}
 o - a scroll of fog {unknown}
 p - a scroll of fear {unknown}
 v - a scroll of remove curse
 x - a scroll of enchant armour {unknown}
 z - a scroll of immolation
Potions
 g - 2 potions of curing {unknown}
 m - 3 potions of mutation {unknown}
 r - a potion of cancellation {unknown}
 t - a potion of brilliance {unknown}
 A - a potion of invisibility {unknown}
Comestibles
 f - 8 rations


   Skills:
 - Level 0.7 Fighting
 * Level 3.2(3.7) Short Blades
 * Level 1.8(2.4) Long Blades
 + Level 1.2 Throwing
 * Level 5.3 Dodging
 + Level 2.9 Stealth
 * Level 2.5 Spellcasting
 * Level 0.3 Conjurations
 * Level 0.6 Hexes
 - Level 4.0 Evocations


You had 4 spell levels left.
You knew the following spells:

 Your Spells              Type           Power        Failure   Level  Hunger
d - Dazzling Flash        Conj/Hex       #.....       50%         3    ###....
e - Tukima's Dance        Hex            #.......     45%         3    ###....

Your spell library contained the following spells:

 Spells                   Type           Power        Failure   Level  Hunger
 Corona                   Hex            #......      17%         1    #......
 Ensorcelled Hibernation  Hex/Ice        #.....       30%         2    ###....
 Confusing Touch          Hex            #.......     45%         3    ###....


Dungeon Overview and Level Annotations

Branches:
Dungeon (5/15)             Temple (0/1) D:4

Altars:
Ashenzari
Dithmenos
Gozag
Hepliaklqana

Annotations:
D:4 Ijyb, Natasha, Robin


Innate Abilities, Weirdness & Mutations

You are very small and have problems with some larger weapons.
You are too small for most types of armour.
You have supernaturally acute eyesight. (SInv)
You are a herbivore.
You cover ground extremely quickly.
You need to consume almost no food.


Message History

The quokka misses you. The shadow imp completely misses you.
You riposte.
You hit the shadow imp.
The shadow imp convulses.
The shadow imp is heavily wounded.
The quokka misses you.
You riposte.
You hit the quokka.
You kill the quokka!
You hit the shadow imp but do no damage.
The shadow imp is heavily wounded.
The shadow imp hits you.
You closely miss the shadow imp.
The shadow imp is moderately wounded.
The shadow imp hits you.
* * * LOW HITPOINT WARNING * * *
You closely miss the shadow imp.
The shadow imp is moderately wounded.
The shadow imp completely misses you.
You riposte.
You barely miss the shadow imp.
The shadow imp is moderately wounded.
The shadow imp gestures at you. Pain shoots through your body!
You die...

# #.# ##.## # #.#
#.# ######*##o####*
#.# ##............#
#.# #....o..o..#.#
#.#
#.#####....#.###.#
##.#####....#.....#
.........#######.5#
##..........#...@##
#...Z....#,#.####
########.#,#,*
#.#,,,* #.#**** ***
#Z# *,* #.#
*******#.#
*,*_*,##.#######


You could see a shadow imp.

Vanquished Creatures
  2 scorpions (D:4)
  A hound (D:4)
  3 gnolls (D:3)
  3 adders
  A shadow imp (D:5)
  An adder skeleton (D:5)
  A worm (D:2)
  2 dart slugs
  4 leopard geckos
  4 orcs
  2 ball pythons (D:1)
  9 bats
  8 giant cockroaches
  8 goblins
  5 hobgoblins
  4 jackals (D:4)
  12 kobolds
  3 quokkas
  3 frilled lizards
  4 rats
80 creatures vanquished.

Notes
Turn   | Place    | Note
-------+----------+-------------------------------------------
     0 | D:1      | Esekla the Spriggan Artificer began the quest for the Orb.
     0 | D:1      | Reached XP level 1. HP: 9/9 MP: 4/4
   407 | D:2      | Reached XP level 2. HP: 10/14 MP: 6/6
   426 | D:2      | Found a shadowy altar of Dithmenos.
   464 | D:2      | Found an opulent altar of Gozag.
   464 | D:2      | Found a hazy altar of Hepliaklqana.
   600 | D:2      | Found a shattered altar of Ashenzari.
   607 | D:2      | Reached skill level 4 in Dodging
   612 | D:2      | Reached skill level 1 in Spellcasting
  1155 | D:1      | Reached XP level 3. HP: 16/17 MP: 7/7
  2638 | D:3      | Reached XP level 4. HP: 11/21 MP: 8/8
  3235 | D:3      | Reached skill level 5 in Dodging
  3392 | D:4      | Found a staircase to the Ecumenical Temple.
  3398 | D:4      | Noticed Natasha
  3409 | D:4      | Noticed a water moccasin
  3451 | D:4      | Reached XP level 5. HP: 19/25 MP: 9/9
  3465 | D:4      | Reached skill level 1 in Long Blades
  3514 | D:4      | Learned a level 3 spell: Dazzling Flash
  3518 | D:4      | Learned a level 3 spell: Tukima's Dance
  3622 | D:4      | Reached skill level 1 in Throwing
  3744 | D:4      | Reached XP level 6. HP: 29/29 MP: 10/10
  3774 | D:4      | Noticed Ijyb
  3867 | D:4      | Noticed Robin
  3885 | D:5      | Entered Level 5 of the Dungeon
  3990 | D:5      | Killed from afar by a shadow imp

Levels and vault maps discovered:
D:1:      ncdulo_wetmaze, layout_loops_ring
D:2:      layout_loops_ring, ashenzari_altar_1, grunt_temple_overflow_open,
          corexii_item_surrounded_by_moat
D:3:      layout_loops_ring
D:4:      kennysheep_the_goblin_king, layout_basic, kennysheep_slug_shrine,
          minmay_temple_entry_purple_smoke, first_ration, uniq_natasha,
          uniq_robin
D:5:      layout_loops_corners, zin_treasury, makhleb_altar_promises_db,
          lightli_sewer_entry_pipes, nicolae_tso_besieged_by_evil

Skill      XL: |  1  2  3  4  5 |
---------------+----------------+-----
Dodging        | 4 5 |  5.3
Spellcasting   | 1 2 |  2.5
Short Blades   | 2 3 |  3.2
Stealth        | 2 |  2.9
Long Blades    | 1 |  1.8
Throwing       | 1 |  1.2
Fighting       | |  0.7
Conjurations   | |  0.3
Hexes          | |  0.6
Evocations     | |  4.0

Action                   |  1- 3 |  4- 6 || total
-------------------------+-------+-------++-------
Melee: Short sword       |   204 |       ||   204
       Long sword        |    15 |    73 ||    88
Throw: Dart              |    10 |    23 ||    33
  Use: Scroll            |     2 |     2 ||     4
 Stab: Sleeping          |     8 |     3 ||    11
       Distracted        |       |     1 ||     1
  Eat: Ration            |       |     1 ||     1
Armor: Robe              |    12 |     3 ||    15
Dodge: Dodged            |   201 |    74 ||   275
       Rpst.: Long sword |     8 |    26 ||    34

Table legend:
 A = Non-vault XP
 B = Vault XP
 C = Vault XP percentage of total XP
 D = Non-vault monster count
 E = Vault monster count
 F = Vault count percentage of total count
                 A         B        C        D         E       F
            +---------+---------+-------+---------+---------+-------
      Total |     406 |       6 |   1.5 |      77 |       3 |   3.8
            +---------+---------+-------+---------+---------+-------
        D:1 |      31 |       0 |   0.0 |      18 |       0 |   0.0
        D:2 |      49 |       0 |   0.0 |      23 |       0 |   0.0
        D:3 |      95 |       0 |   0.0 |      20 |       0 |   0.0
        D:4 |     212 |       6 |   2.8 |      13 |       3 |  18.8
        D:5 |      19 |       0 |   0.0 |       3 |       0 |   0.0
            +---------+---------+-------+---------+---------+-------
